 Dungeon Crawl Stone Soup version 0.32-a0-675-gdc239d62e1 (webtiles) character file.

Game seed: 11814590989739893165

1861 BubbleThief the Placeless Spriggan (level 8, -13/37 HPs)
             Began as a Spriggan Hexslinger on Mar 12, 2024.
             Was a Believer of Nemelex Xobeh.
             Shot with an arrow by a centaur (15 damage)
             ... on level 7 of the Dungeon.
             The game lasted 00:15:55 (6114 turns).

BubbleThief the Placeless Spriggan (SpHs)           Turns: 6114, Time: 00:15:56

Health: -13/37     AC:  3    Str:  4    XL:     8   Next: 89%
Magic:  20/20      EV: 18    Int: 15    God:    Nemelex Xobeh [**....]
Gold:   379        SH:  0    Dex: 19    Spells: 11/22 levels left

rFire   . . .        a - +5 orcbow (freeze)
rCold   . . .        (shield currently unavailable)
rNeg    . . .        c - +1 robe
rPois   .            (helmet restricted)
rElec   .            (no cloak)
rCorr   .            (gloves unavailable)
SInv    +            (boots unavailable)
Will    +....        (no amulet)
Stlth   ++           (no ring)
HPRegen 0.26/turn    (no ring)
MPRegen 0.17/turn

%: no passive effects
@: very quick
A: very small, no large weapons, unfitting armour, see invisible, speed 3
a: Renounce Religion, Draw Escape, Draw Destruction, Draw Summoning


You were on level 7 of the Dungeon.
You worshipped Nemelex Xobeh.
Nemelex Xobeh was pleased with you.
You visited 2 branches of the dungeon, and saw 8 of its levels.

You collected 379 gold pieces.

Inventory:

Hand Weapons
 a - a +5 orcbow of freezing (weapon)
 u - a +1 sling of flaming
Missiles
 l - 2 throwing nets
Armour
 c - a +1 robe (worn)
Wands
 d - a wand of paralysis (9)
 w - a wand of mindburst (10)
Scrolls
 b - 3 scrolls of teleportation {unknown}
 f - a scroll of torment {unknown}
 i - 3 scrolls of identify
 m - a scroll of enchant weapon
 n - a scroll of poison
 q - a scroll of enchant armour
 x - a scroll of fog {unknown}
Potions
 e - a potion of curing
 g - a potion of ambrosia {unknown}
 h - a potion of cancellation
 j - a potion of haste
 k - a potion of invisibility {unknown}
 o - 2 potions of mutation {unknown}
 p - a potion of might {unknown}
 r - a potion of brilliance {unknown}
 s - a potion of lignification {unknown}
 t - a potion of magic {unknown}
 v - a potion of attraction


   Skills:
 - Level 0.7 Fighting
 + Level 6.7 Ranged Weapons
 - Level 3.0 Dodging
 + Level 7.7 Spellcasting
 + Level 5.7 Hexes
 + Level 8.3 Translocations
 - Level 0.7 Fire Magic


You had 11 spell levels left.
You knew the following spells:

 Your Spells              Type           Power      Damage    Failure   Level
a - Jinxbite              Hex            46%        N/A       1%          2
b - Sigil of Binding      Hex            23%        N/A       3%          3
c - Gell's Gravitas       Tloc           30%        N/A       1%          3
d - Teleport Other        Tloc           30%        N/A       1%          3

Your spell library contained the following spells:

 Spells                   Type           Power      Damage    Failure   Level
 Lesser Beckoning         Tloc           60%        N/A       1%          2
 Dimensional Bullseye     Hex/Tloc       13%        N/A       7%          4
 Inner Flame              Hex/Fire       15%        N/A       10%         3
 Necrotise                Necr           20%        1d5       12%         1
 Cause Fear               Hex            11%        N/A       12%         4
 Hailstorm                Conj/Ice       5%         3d5       36%         3
 Summon Ice Beast         Ice/Summ       5%         N/A       36%         3
 Vampiric Draining        Necr           5%         2d6       36%         3
 Martyr's Knell           Necr/Summ      5%         N/A       77%         4
 Curse of Agony           Necr           5%         N/A       98%         5
 Sculpt Simulacrum        Ice/Alch       2%         N/A       100%        6


Dungeon Overview and Level Annotations

Branches:
Dungeon (7/15)             Temple (1/1) D:4

Altars:
Ashenzari
Cheibriados
Dithmenos
Fedhas
Gozag
Hepliaklqana
Kikubaaqudgha
Makhleb
Nemelex Xobeh
Okawaru
Qazlal
Sif Muna
Trog
Uskayaw
Vehumet
Wu Jian
Xom
The Shining One

Shops:
D:4 (


Innate Abilities, Weirdness & Mutations

You are very small and have problems with some larger weapons.
You are too small for most types of armour.
You have supernaturally acute eyesight. (SInv)
You cover ground extremely quickly. (Speed+++)


Message History

The arrow hits the orc priest!
The arrow freezes the orc priest.
You kill the orc priest!
No target in view!
An orc priest comes into view. It is wielding a +0 club.
You shoot an arrow. The arrow hits the orc priest!
The arrow freezes the orc priest.
The orc priest is almost dead.
You shoot an arrow. The arrow hits the orc priest!
The arrow freezes the orc priest.
You kill the orc priest!
You now have 365 gold pieces (gained 29).
Things that are here:
the +2 flail "Assamp" {freeze, Str+3 Dex+3}; a +0 leather armour You now have 379 gold pieces (gained 14).
Found a ring mail.
A centaur comes into view.
The centaur wields a +0 orcbow.
The centaur shoots an arrow.
The arrow hits you!
You shoot an arrow. The arrow barely misses the centaur.
The centaur shoots an arrow.
The arrow hits you.
You shoot an arrow. The arrow hits the centaur!
The arrow freezes the centaur.
The centaur is heavily wounded.
The centaur shoots an arrow.
The arrow hits you!
* * * LOW HITPOINT WARNING * * *
An ufetubus comes into view.
The ufetubus shouts!
You are too injured to fight recklessly!
An orc comes into view. It is wielding a +0 flail.
The orc shouts!
The centaur shoots an arrow.
The arrow hits you.
* * * LOW HITPOINT WARNING * * *
The ufetubus attacks as it pursues you! The ufetubus hits you.
* * * LOW HITPOINT WARNING * * *
The ufetubus barely misses you. The ufetubus attacks as it pursues you!
The ufetubus closely misses you. The ufetubus hits you.
* * * LOW HITPOINT WARNING * * *
The centaur shoots an arrow.
The arrow hits you!
You die...
Your body disappears without a glow.

#.....#...### ###...###.
#...###..# #.##'.c#
#...###.c# #.
###...###..
#..####.#c.o###
#.........#)..###
........)..##5.@### ##
#.####.##.####...## ##.
# #......)...# ###..#
#.. # ######.##..#
#...## ##.. #
#)##..####.#..# #...
########..........)..##
##...
.†.)..>...........##..#
#..##
###########..########.##
##.### ........ ...#
#..# #..# #


You could see a centaur, an ufetubus and an orc.

Vanquished Creatures
  A water moccasin (D:6)
  An ice beast (D:7)
  2 ogres
  A phantom (D:6)
  A kobold brigand (D:5)
  3 bullfrogs
  2 scorpions
  A killer bee (D:7)
  A howler monkey (D:7)
  2 bombardier beetles
  3 orc priests (D:7)
  2 jellies
  A gnoll bouda (D:5)
  7 hounds
  3 sleepcaps
  3 iguanas
  3 orc wizards
  9 gnolls
  6 adders
  2 dart slugs (D:2)
  2 ribbon worms (D:3)
  21 orcs
  14 ball pythons
  9 bats
  7 endoplasms
  9 giant cockroaches
  7 goblins
  8 hobgoblins
  4 jackals (D:1)
  6 quokkas
  2 frilled lizards
  15 kobolds
  6 rats
164 creatures vanquished.

Notes
Turn   | Place    | Note
-------+----------+-------------------------------------------
     0 | D:1      | BubbleThief the Spriggan Hexslinger began the quest for the
                  | Orb.
     0 | D:1      | Reached XP level 1. HP: 9/9 MP: 3/3
   249 | D:1      | Reached XP level 2. HP: 14/14 MP: 5/5
   646 | D:1      | Reached XP level 3. HP: 17/17 MP: 7/7
   723 | D:1      | Learned a level 2 spell: Jinxbite
  1819 | D:2      | Reached XP level 4. HP: 21/21 MP: 9/9
  2011 | D:3      | Learned a level 3 spell: Sigil of Binding
  2173 | D:3      | Learned a level 3 spell: Gell's Gravitas
  2206 | D:3      | Found a faded altar of an unknown god.
  2407 | D:3      | Reached skill level 1 in Translocations
  2683 | D:3      | Found a shadowy altar of Dithmenos.
  2776 | D:4      | Found a staircase to the Ecumenical Temple.
  2805 | D:4      | Reached skill level 2 in Translocations
  2805 | D:4      | Reached XP level 5. HP: 25/25 MP: 11/11
  2806 | Temple   | Entered the Ecumenical Temple
  2835 | Temple   | Became a worshipper of Nemelex Xobeh the Trickster
  3020 | D:4      | Found Uppel's Weapon Emporium.
  3227 | D:4      | Reached skill level 3 in Translocations
  3227 | D:4      | Reached XP level 6. HP: 14/29 MP: 11/13
  3406 | D:4      | Found a blossoming altar of Fedhas.
  3553 | D:4      | Identified a scroll of acquirement
  3553 | D:4      | Acquired a +2 orcbow of freezing
  3804 | D:5      | Entered Level 5 of the Dungeon
  3830 | D:5      | Reached skill level 4 in Translocations
  3987 | D:5      | Reached skill level 5 in Spellcasting
  3999 | D:5      | Reached XP level 7. HP: 25/32 MP: 13/15
  4050 | D:5      | Found an ornate altar of the Wu Jian Council.
  4051 | D:5      | Found a radiant altar of Vehumet.
  4312 | D:5      | Paralysed by an orc for 4 turns
  4325 | D:5      | Paralysed by an orc for 5 turns
  4334 | D:5      | Paralysed by an orc for 4 turns
  4357 | D:5      | Reached skill level 5 in Translocations
  4453 | D:5      | Reached skill level 5 in Ranged Weapons
  4471 | D:5      | Reached * piety under Nemelex Xobeh
  4881 | D:5      | Learned a level 3 spell: Teleport Other
  4927 | D:6      | Reached skill level 6 in Translocations
  5001 | D:6      | Reached XP level 8. HP: 37/37 MP: 18/18
  5123 | D:6      | Found a bloodstained altar of Trog.
  5244 | D:6      | Reached skill level 7 in Translocations
  5290 | D:6      | Received a gift from Nemelex Xobeh
  5300 | D:6      | Found a glowing golden altar of the Shining One.
  5751 | D:7      | Reached skill level 5 in Hexes
  5857 | D:7      | Reached ** piety under Nemelex Xobeh
  6016 | D:7      | Reached skill level 8 in Translocations
  6036 | D:7      | Identified the +2 flail "Assamp" {freeze, Str+3 Dex+3}
  6114 | D:7      | Shot with an arrow by a centaur

Illustrated notes

Levels and vault maps discovered:
D:1:      lightli_arrival_noodles, layout_basic, minmay_pentomino_s4
D:2:      layout_basic, minmay_misc_feat_tiny
D:3:      layout_basic, mainiacjoe_overflow_concentric_impassable,
          shapermc_ecumenical_altar_pompeii
D:4:      layout_loops_cross, mainiacjoe_overflow_catwalk, temple_pool_b,
          grunt_decor_arrowhead, nicolae_inconvenience_store,
          hangedman_abyss_or_decor_passed, corexii_leaking_fountain
D:5:      layout_loops_cross, mainiacjoe_overflow_divided_tiny
D:6:      layout_cave_pools, lemuel_tele_altar, kennysheep_mini_moat
D:7:      minmay_the_grid_four_pointed_star
          [minmay_the_grid_triangle_9x9_stretched_checkered,
          minmay_the_grid_triangle_9x9_empty,
          minmay_the_grid_triangle_9x9_steps,
          minmay_the_grid_triangle_9x9_intruding_spiral,
          minmay_the_grid_prize_trominoes], layout_loops_ring,
          nicolae_ru_path_of_blood, minivault_22
Temple:   nicolae_temple_godzebo

Skill      XL: |  1  2  3  4  5  6  7  8 |
---------------+-------------------------+-----
Dodging        | 3 |  3.0
Spellcasting   | 2 3 4 5 6 7 |  7.7
Hexes          | 4 5 |  5.7
Ranged Weapons | 3 4 5 6 |  6.7
Translocations | 2 3 4 6 8 |  8.3
Fighting       | |  0.7
Fire Magic     | |  0.7

Action                     |  1- 3 |  4- 6 |  7- 9 || total
---------------------------+-------+-------+-------++-------
  Melee: Orcbow            |       |       |     1 ||     1
   Fire: Sling             |   137 |   139 |       ||   276
         Orcbow            |       |    23 |   187 ||   210
   Cast: Jinxbite          |     1 |     6 |     9 ||    16
         Sigil of Binding  |       |     1 |     3 ||     4
         Gell's Gravitas   |       |     1 |     2 ||     3
  Evoke: Wand              |       |       |     1 ||     1
    Use: Scroll            |       |    11 |     2 ||    13
         Potion            |       |       |     2 ||     2
 Armour: Robe              |    17 |    20 |    46 ||    83
  Dodge: Dodged            |    45 |    59 |    70 ||   174

Table legend: (Time is in decaauts)
 A = Elapsed time spent in this place.
 B = Non-inter-level travel time spent in this place.
 C = Inter-level travel time spent in this place.
 D = Time resting spent in this place.
 E = Time spent auto-exploring this place.
 F = Levels seen in this place.
 G = Mean time per level.
                   A        B        C        D        E       F      G
               +--------+--------+--------+--------+--------+-----+--------+
         Total |   4341 |   4154 |    187 |     19 |   3024 |   8 |  542.6 |
       Dungeon |   4304 |   4151 |    153 |     19 |   3024 |   7 |  614.9 |
        Temple |     36 |      3 |     33 |      0 |      0 |   1 |   36.0 |
               +--------+--------+--------+--------+--------+-----+--------+

Top non-repeatable levels by time:
     D:5: 820 daAuts
     D:1: 752 daAuts
     D:4: 733 daAuts
     D:3: 614 daAuts
     D:2: 506 daAuts
     D:6: 494 daAuts
     D:7: 382 daAuts
  Temple: 36 daAuts
